AoeStats
← Dravenbuff

Arena

505126211Analyzed
4v4 RM · 24d ago on Sep 7, 2026· 37m 11s· 8 players
Game mode
Random Map
Map size
Large (8 player)
Population
200
Speed
Normal
Resources
Standard
Victory
Conquest
Starting age
Dark Age
Ending age
Imperial Age
RankedLock teamsTeams togetherTeam positionsShared explorationLock speedFull tech treeHidden civsTurbo modeCheats
Victory
Defeat
🇺🇾 Burgundians · Uruguay
998
+14
🇺🇾 Britons · Uruguay
997
+14
🇺🇾 Mongols · Uruguay
976
+15
🇺🇾 Turks · Uruguay
895
+17
🇹🇷 Turks · Türkiye
969
-17
🇨🇿 Persians · Czechia
955
-15
🇲🇽 Berbers · Mexico
929
-14
🇺🇸 Shu · United States
923
-14
Maverick
11:49 Feudal Age
11:40 Loom
16:34 Castle Age
14:19 Horse Collar
14:29 Double-Bit Axe
18:04 Wheelbarrow
31:14 Imperial Age
29:01 Fletching
29:30 Gold Mining
29:47 Bodkin Arrow
30:31 Padded Archer Armor
30:52 Bow Saw
30:52 Heavy Plow
31:53 Leather Archer Armor
32:03 Pikeman
33:09 Bracer
34:34 Forging
Soup
10:14 Feudal Age
10:48 Double-Bit Axe
10:45 Horse Collar
17:45 Castle Age
20:41 Loom
21:31 Wheelbarrow
20:41 Town Watch
21:07 Gold Mining
21:11 Stone Mining
25:48 Bow Saw
25:21 Crossbowman
26:01 Fletching
26:57 Thumb Ring
28:01 Pikeman
28:41 Squires
29:27 Ballistics
29:14 Bodkin Arrow
29:20 Padded Archer Armor
32:23 Imperial Age
32:49 Leather Archer Armor
32:46 Arbalester
33:28 Bracer
32:52 Man-at-Arms
33:17 Gambesons
33:19 Arson
33:33 Long Swordsman
34:47 Ring Archer Armor
34:18 Scale Mail Armor
34:29 Forging
ladek23
0:28 Loom
12:01 Feudal Age
12:45 Double-Bit Axe
12:44 Horse Collar
13:47 Gold Mining
22:00 Castle Age
21:16 Wheelbarrow
20:46 Stone Mining
21:09 Forging
21:01 Scale Mail Armor
21:32 Fletching
21:56 Scale Barding Armor
22:16 Bloodlines
22:27 Heavy Plow
22:40 Bow Saw
22:34 Pikeman
23:15 Squires
23:35 Fletching
27:25 Hand Cart
27:00 Town Watch
27:33 Bodkin Arrow
33:42 Imperial Age
31:25 Husbandry
33:27 Masonry
33:59 Ballistics
35:04 Hoardings
CoskunKaya
4:11 Loom
11:28 Feudal Age
16:50 Castle Age
14:56 Double-Bit Axe
15:05 Gold Mining
18:06 Horse Collar
22:39 Imperial Age
21:33 Padded Archer Armor
26:50 Leather Archer Armor
29:19 Wheelbarrow
31:13 Ring Archer Armor
32:29 Bow Saw
32:20 Heavy Plow
brandon_3110
11:21 Feudal Age
12:08 Double-Bit Axe
14:53 Castle Age
13:26 Horse Collar
15:46 Loom
18:42 Fletching
21:08 Bodkin Arrow
23:52 Ballistics
25:28 Wheelbarrow
25:26 Padded Archer Armor
25:28 Pikeman
30:50 Imperial Age
29:45 Hand Cart
31:18 Yeomen
32:50 Chemistry
31:40 Town Watch
34:15 Bracer
34:18 Elite Longbowman
36:24 Leather Archer Armor
Lord Haliax
9:42 Feudal Age
16:35 Castle Age
14:51 Double-Bit Axe
15:48 Loom
20:11 Bow Saw
21:24 Gold Mining
22:41 Wheelbarrow
25:25 Gold Shaft Mining
24:35 Horse Collar
25:59 Elite Skirmisher
29:21 Imperial Age
26:57 Padded Archer Armor
26:48 Fletching
27:49 Hand Cart
29:00 Leather Archer Armor
28:41 Bodkin Arrow
31:09 Bodkin Arrow
31:41 Ballistics
32:22 Chemistry
31:02 Elite Mangudai
36:42 Light Cavalry
37:31 Husbandry
37:42 Bloodlines
Dravenbuff
11:12 Feudal Age
16:43 Castle Age
17:49 Horse Collar
18:02 Double-Bit Axe
22:58 Heavy Plow
23:42 Wheelbarrow
23:15 Loom
29:12 Imperial Age
38:27 Imperial Age
Ramza
4:25 Double-Bit Axe
5:17 Loom
11:30 Feudal Age
10:34 Horse Collar
13:36 Bow Saw
16:40 Castle Age
14:52 Heavy Plow
18:50 Wheelbarrow
19:18 Two-Man Saw
27:47 Imperial Age
25:29 Scale Barding Armor
26:08 Hand Cart
26:07 Husbandry
25:28 Cavalier
27:39 Chain Barding Armor
28:00 Paladin
29:58 Chemistry
30:02 Plate Barding Armor
32:21 Forging
Connection lost

Rejoining the realm…

Still unreachable

The connection could not be restored.

Session expired

The server has moved on; the page needs a fresh start.